 Dungeon Crawl Stone Soup version 0.21.1-1-g345015f (webtiles) character file.

142 wojtek the Chopper (level 5, -5/45 HPs)
             Began as a Minotaur Fighter on July 1, 2018.
             Slain by Recruiting's ghost (6 damage)
             ... on level 3 of the Dungeon.
             The game lasted 00:02:23 (1545 turns).

wojtek the Chopper (Minotaur Fighter)               Turns: 1545, Time: 00:02:24

Health: -5/45      AC:  9    Str: 22    XL:     5   Next: 3%
Magic:  0/4        EV:  5    Int:  5    God:
Gold:   178        SH:  9    Dex:  9    Spells: 4/4 levels left

rFire    . . .     SeeInvis .   a - +0 war axe
rCold    . . .     Gourm    .   c - +0 shield
rNeg     . . .     Faith    .   m - +0 chain mail
rPois    .         Spirit   +   (helmet restricted)
rElec    .         Reflect  .   (no cloak)
rCorr    .         Harm     .   (no gloves)
MR       .....                  (no boots)
Stlth    ..........             i - amulet of guardian spirit
HPRegen  0.15/turn              (no ring)
MPRegen  0.09/turn              (no ring)

@: no status effects
A: retaliatory headbutt, horns 2
a: no special abilities


You were on level 3 of the Dungeon.
You were not hungry.

You visited 1 branch of the dungeon, and saw 3 of its levels.

You collected 178 gold pieces.

Inventory:

Hand Weapons
 a - a +0 war axe (weapon)
Armour
 c - a +0 shield (worn)
 m - a +0 chain mail (worn)
 p - a +2 ring mail of magic resistance
Jewellery
 i - an amulet of guardian spirit (around neck)
 r - a +1 ring of protection {unknown}
Wands
 o - a wand of paralysis (5)
Scrolls
 b - a scroll of immolation {unknown}
 e - 4 scrolls of identify {unknown}
 h - 2 scrolls of blinking {unknown}
 j - 2 scrolls of fog {unknown}
 k - a scroll of enchant weapon {unknown}
 n - a scroll of amnesia {unknown}
Potions
 d - 2 potions of might
 l - 2 potions of curing {unknown}
 q - a potion of resistance {unknown}
Comestibles
 f - 5 rations
 g - 5 chunks of flesh


   Skills:
 - Level 3.6 Fighting
 + Level 6.4 Axes
 - Level 3.6 Armour
 - Level 3.6 Shields


You had 4 spell levels left.
You didn't know any spells.

Dungeon Overview and Level Annotations

Branches:
Dungeon (3/15)

Altars:
Ru

Annotations:
D:3 Recruiting's ghost, amateur HOFi


Innate Abilities, Weirdness & Mutations

You reflexively headbutt those who attack you in melee.
You have a pair of horns on your head.


Message History

Recruiting's ghost hits you! You block Recruiting's ghost's attack.
You are too injured to fight recklessly!
Your shield prevents you from hitting Recruiting's ghost.
Recruiting's ghost is heavily damaged.
You block Recruiting's ghost's attack.
You hit Recruiting's ghost. You headbutt Recruiting's ghost!
Recruiting's ghost is severely damaged.
Recruiting's ghost hits you!
* * * LOW HITPOINT WARNING * * *
There is an open door here.
Found 17 gold pieces.
There is a stone staircase leading up here.
You completely miss Recruiting's ghost.
Recruiting's ghost is severely damaged.
Recruiting's ghost hits you!
* * * LOW HITPOINT WARNING * * *
Recruiting's ghost barely misses you.
Unknown command.
Recruiting's ghost hits you!
You die...

#..# #... #>.# #...
######## #.#. ......##
..#####.#. .?...
.()....... # #..#
#####.#.
.#.###.@#########.....##
.......W.............)..
.#$.....##......#.######
...####.##).........# ..
#...............# '
####'...###.....#
#.).#.#+# #.....#
#.))#.........###
......#....######


You could see Recruiting's ghost.

Vanquished Creatures
  An orc wizard (D:3)
  Ijyb (D:3)
  3 adders (D:3)
  An ooze (D:1)
  A worm (D:3)
  2 dart slugs
  A leopard gecko (D:2)
  An orc (D:3)
  8 bats
  2 giant cockroaches
  7 goblins
  7 hobgoblins
  4 jackals (D:1)
  6 kobolds
  A ball python (D:3)
  4 frilled lizards
  4 rats
54 creatures vanquished.

Notes
Turn   | Place    | Note
-------+----------+-------------------------------------------
     0 | D:1      | wojtek the Minotaur Fighter began the quest for the Orb.
     0 | D:1      | Reached XP level 1. HP: 19/19 MP: 0/0
   148 | D:1      | Reached skill level 3 in Axes
   169 | D:1      | Reached XP level 2. HP: 26/26 MP: 1/1
   354 | D:1      | Reached skill level 4 in Axes
   453 | D:1      | Reached XP level 3. HP: 28/31 MP: 2/2
  1149 | D:3      | Reached skill level 5 in Axes
  1247 | D:3      | Reached XP level 4. HP: 39/39 MP: 3/3
  1272 | D:3      | Noticed Ijyb
  1280 | D:3      | Paralysed by Ijyb for 2 turns
  1286 | D:3      | Paralysed by Ijyb for 6 turns
  1293 | D:3      | Killed Ijyb
  1492 | D:3      | Reached skill level 6 in Axes
  1510 | D:3      | Found a sacrificial altar of Ru.
  1523 | D:3      | Noticed Recruiting's ghost (amateur HOFi)
  1531 | D:3      | Reached XP level 5. HP: 36/45 MP: 4/4
  1544 | D:3      | HP: 1/45 [Recruiting's ghost (11)]
  1545 | D:3      | Slain by Recruiting's ghost

Skill      XL: |  1  2  3  4 |
---------------+-------------+-----
Axes           | 3 4 5 6 |  6.4
Fighting       | |  3.6
Armour         | |  3.6
Shields        | |  3.6

Action                   |  1- 3 |  4- 6 || total
-------------------------+-------+-------++-------
Melee: War axe           |    97 |    43 ||   140
       Headbutt          |    18 |     8 ||    26
 Stab: Paralysed         |       |     2 ||     2
  Eat: Chunk             |     1 |     1 ||     2
Armor: Scale mail        |    26 |       ||    26
       Chain mail        |    26 |    19 ||    45
Dodge: Dodged            |    22 |     5 ||    27
Block: Shield            |    53 |    20 ||    73
